 Dungeon Sprint DCSS version 0.17-a0-1651-gae1a69f (webtiles) character file.

296 Kidiri the Covert (level 6, -1/28 HPs)
             Began as a Spriggan Enchanter on Aug 14, 2015.
             Was an Initiate of Dithmenos.
             Slain by a spatial vortex (29 damage)
             ... in the Dungeon (Sprint III: "The Ten Rune Challenge").
             The game lasted 00:02:18 (322 turns).

Kidiri the Covert (Spriggan Enchanter)               Turns: 322, Time: 00:02:18

Health: -1/28      AC:  6    Str:  4    XL:     6   Next: 12%
Magic:  6/17       EV: 26    Int: 17    God:    Dithmenos [......]
Gold:   23         SH:  0    Dex: 20    Spells: 5 memorised, 8 levels left

rFire  . . .     SeeInvis +     a - +1 dagger
rCold  + . .     Clarity  .     b - +1 robe
rNeg   . . .     SustAt   .     (shield restricted)
rPois  .         Gourm    .     (helmet restricted)
rElec  .         Spirit   .     l - +0 cloak
rCorr  .         Warding  .     (gloves unavailable)
rMut   .         NoTele   +     (boots unavailable)
MR     +....                    (no amulet)
Stlth  +++++.....               (no ring)
                                (no ring)

@: very quick, somewhat resistant to hostile enchantments, quite stealthy
A: unfitting armour, hooves 1, icy blue scales 1, rugged brown scales 1, see
invisible, agile 1, cold resistance 1, herbivore 3, speed 3, slow metabolism 2
a: Renounce Religion


You were in the Dungeon.
You worshipped Dithmenos.
Dithmenos was noncommittal.
You were not hungry.

You visited 1 branch You collected 23 gold pieces.

Inventory:

Hand weapons
 a - a +1 dagger (weapon)
Armour
 b - a +1 robe (worn)
 l - a +0 cloak (worn)
Scrolls
 j - a scroll of blinking
 n - 2 scrolls of torment
 o - 2 scrolls of identify
 p - 3 scrolls of remove curse
Potions
 e - a potion of curing
 f - a potion of heal wounds
 g - 2 potions of haste
 h - 2 potions of magic
 i - a potion of berserk rage
 r - 4 potions of cure mutation
 s - 4 potions of flight
Comestibles
 d - a bread ration
 q - 2 royal jellies


   Skills:
 + Level 4.5 Short Blades
 * Level 9.0 Dodging
 * Level 10.1 Stealth
 * Level 7.6 Spellcasting
 + Level 2.0 Conjurations
 + Level 6.3 Hexes
 + Level 2.6 Ice Magic
 + Level 0.0 Invocations


You had 8 spell levels left.
You knew the following spells:

 Your Spells              Type           Power        Failure   Level  Hunger
a - Corona                Hex            ####...      1%          1    None
b - Ensorcelled Hibernat  Hex/Ice        ###...       2%          2    None
c - Confuse               Hex            ####....     2%          3    ##.....
d - Tukima's Dance        Hex            ####....     2%          3    ##.....
e - Dazzling Spray        Conj/Hex       ###.....     8%          3    ##.....


Dungeon Overview and Level Annotations

Branches:
Dungeon (1/1)

Altars:
Dithmenos
Gozag
Makhleb
Nemelex Xobeh
Qazlal
Ru
Xom
Jiyva
Lugonu


Innate Abilities, Weirdness & Mutations

You are tiny and cannot use many weapons and most armour.
You have supernaturally acute eyesight.
You are a herbivore.
You cover ground extremely quickly.
You need consume almost no food.
You have large cloven feet.
You are partially covered in icy blue scales (AC +1).
You are partially covered in rugged brown scales (AC +1, +3% HP).
You are agile. (Dex +2)
Your flesh is cold resistant.


Message History

Aim: a spatial vortex (lightly damaged)
The spray of energy hits the spatial vortex.
The spatial vortex is lightly damaged.
Casting: Dazzling Spray
Confirm with . or Enter, or press ? or * to list all spells.
Aiming: Dazzling Spray
Press: ? - help, Shift-Dir - straight line, f/p - spatial vortex
Aim: a spatial vortex (lightly damaged)
The spray of energy hits the spatial vortex.
The spatial vortex is moderately damaged.
Casting: Dazzling Spray
Confirm with . or Enter, or press ? or * to list all spells.
Aiming: Dazzling Spray
Press: ? - help, Shift-Dir - straight line, f/p - spatial vortex
Aim: a spatial vortex (moderately damaged)
The spray of energy hits the spatial vortex.
The spatial vortex is heavily damaged.
The spatial vortex hits you!!
Ouch! That really hurt!
You die...

..♣.♣ ♣.# .%.♣♣ ♣♣.#
....♣♣ ♣..#
...≈.♣♣♣♣.###+#+###+##
..≈≈♣.♣♣..#..........#
.≈≈≈≈.♣♣..'.⌠........#
.≈≈≈≈≈≈♣♣.#...######'#
≈≈≈≈≈≈....#.⌠.#__#...#
≈≈≈≈≈.....#...#_@#...#
≈≈≈.......#+###_v#...#
..........# #__#...+
%.........# #_.'...#
▓▓▓▓▓▓▓▓▓▓▓ ▓▓▓▓▓▓▓▓


You could see a spatial vortex.

Vanquished Creatures
  A shadow (D)
  A water elemental (D)
  A jelly (D)
  Crazy Yiuf (D)
  Jessica (D)
  A human (D)
  3 rats (D)
9 creatures vanquished.

Vanquished Creatures (others)
  2 draconian scorchers (D)
  2 yaktaurs (D)
  An electric eel (D)
5 creatures vanquished.

Grand Total: 14 creatures vanquished

Notes
Turn   | Place    | Note
--------------------------------------------------------------
     0 | D        | Kidiri the Spriggan Enchanter began the quest for the Orb.
     0 | D        | Reached XP level 1. HP: 9/9 MP: 5/5
    12 | D        | Noticed Jessica
    17 | D        | Killed Jessica
    17 | D        | Reached skill level 5 in Dodging
    17 | D        | Reached skill level 6 in Stealth
    17 | D        | Reached XP level 2. HP: 13/13 MP: 6/8
    21 | D        | Learned a level 2 spell: Ensorcelled Hibernation
    30 | D        | Killed a yaktaur
    74 | D        | Reached XP level 3. HP: 9/16 MP: 1/10
    81 | D        | Learned a level 3 spell: Confuse
    85 | D        | Learned a level 3 spell: Tukima's Dance
   100 | D        | Killed an electric eel
   186 | D        | Killed a white draconian scorcher
   216 | D        | Noticed Crazy Yiuf
   223 | D        | Killed Crazy Yiuf
   223 | D        | Reached skill level 7 in Stealth
   223 | D        | Reached skill level 5 in Spellcasting
   223 | D        | Reached skill level 5 in Hexes
   223 | D        | Reached skill level 1 in Ice Magic
   223 | D        | Reached XP level 4. HP: 21/21 MP: 12/12
   228 | D        | Killed a yaktaur
   237 | D        | Learned a level 3 spell: Dazzling Spray
   252 | D        | Killed a white draconian scorcher
   255 | D        | Gained mutation: You are agile. (Dex +2) [potion of mutation]
   255 | D        | Gained mutation: You have large cloven feet. [potion of mutation]
   255 | D        | Gained mutation: Your flesh is cold resistant. [potion of mutation]
   256 | D        | Gained mutation: You are partially covered in rugged brown scales (AC +1, +3% HP). [potion of mutation]
   256 | D        | Gained mutation: You are partially covered in icy blue scales (AC +1). [potion of mutation]
   287 | D        | Noticed a water elemental
   290 | D        | Killed a water elemental
   290 | D        | Reached skill level 8 in Stealth
   301 | D        | Noticed a jelly
   302 | D        | Noticed a shadow
   304 | D        | Killed a shadow
   304 | D        | Reached skill level 9 in Stealth
   304 | D        | Reached skill level 1 in Conjurations
   304 | D        | Reached XP level 5. HP: 24/24 MP: 13/15
   308 | D        | Killed a jelly
   308 | D        | Reached skill level 10 in Stealth
   308 | D        | Reached XP level 6. HP: 28/28 MP: 13/17
   313 | D        | Found a stormy altar of Qazlal.
   314 | D        | Found a sacrificial altar of Ru.
   314 | D        | Found a burning altar of Makhleb.
   314 | D        | Found a viscous altar of Jiyva.
   314 | D        | Found a shimmering altar of Xom.
   314 | D        | Found a shadowy altar of Dithmenos.
   314 | D        | Found a sparkling altar of Nemelex Xobeh.
   314 | D        | Found a corrupted altar of Lugonu.
   314 | D        | Found an opulent altar of Gozag.
   314 | D        | Noticed a spatial vortex
   319 | D        | Became a worshipper of Dithmenos the Shadowed
   322 | D        | Slain by a spatial vortex

Vault maps used:
D:        dungeon_sprint_mu

Action                   |  1- 3 |  4- 6 || total
-------------------------+-------+-------++-------
Melee: Dagger            |     7 |     4 ||    11
 Cast: Ensorcelled Hiber |     2 |       ||     2
       Dazzling Spray    |       |     3 ||     3
  Use: Scroll            |       |     2 ||     2
       Potion            |       |     2 ||     2
 Stab: Sleeping          |     6 |     3 ||     9
